 Dungeon Crawl Stone Soup version 0.31-a0-246-g8cbcc1cb85 (webtiles) character file.

Game seed: 5016149921696855655

87 juan097 the Changeling (level 4, -2/38 HPs)
             Began as a Draconian Shapeshifter on July 12, 2023.
             Slain by a jelly (3 damage)
             ... on level 2 of the Dungeon.
             The game lasted 00:05:07 (1183 turns).

juan097 the Changeling (Draconian Shapeshifter)     Turns: 1183, Time: 00:05:08

Health: -2/38      AC: -3    Str: 20    XL:     4   Next: 28%
Magic:  4/4        EV: 12    Int:  8    God:
Gold:   110        SH:  0    Dex: 11    Spells: 3/3 levels left

rFire   . .          .
                       - Unarmed
rCold   . . .        (no shield)
rNeg    . . .        (body armour unavailable)
rPois   .            i - melded +2 hat
rElec   .            (cloak currently unavailable)
rCorr   .            (gloves currently unavailable)
SInv    .            (boots currently unavailable)
Will    .....        n - amulet of magic regeneration
Stlth   +            (no ring)
HPRegen 0.26/turn    (no ring)
MPRegen 0.49/turn

%: no passive effects
@: beast-form, corroded
A: beast (slay +2), AC +5, unfitting armour, cold-blooded
a: no special abilities


You were on level 2 of the Dungeon.
You were a hulking beast.
You visited 1 branch of the dungeon, and saw 2 of its levels.

You collected 110 gold pieces.

Inventory:

Hand Weapons
 a - a +2 whip of venom
 b - a +2 heavy sling
Missiles
 l - 6 silver boomerangs
Armour
 i - a +2 hat (melded)
Jewellery
 n - an amulet of magic regeneration (around neck)
Talismans
 m - a beast talisman
Scrolls
 c - 2 scrolls of identify {unknown}
 d - a scroll of immolation {unknown}
 f - a scroll of amnesia {unknown}
 g - a scroll of butterflies {unknown}
 h - a scroll of enchant armour {unknown}
 k - a scroll of poison {unknown}
Potions
 e - a potion of lignification
 j - a potion of curing {unknown}


   Skills:
 + Level 3.0 Fighting
 + Level 2.3 Dodging
 + Level 0.4 Stealth
 * Level 3.1 Unarmed Combat
 + Level 3.3 Shapeshifting


You had 3 spell levels left.
You didn't know any spells.
Your spell library contained the following spells:

 Spells                   Type           Power      Damage    Failure   Level
 Sandblast                Erth           0%         2d4       41%         1
 Passwall                 Tmut/Erth      0%         N/A       54%         2
 Stone Arrow              Conj/Erth      0%         3d7       78%         3


Dungeon Overview and Level Annotations

Branches:
Dungeon (2/15)

Altars:
Elyvilon


Innate Abilities, Weirdness & Mutations

You are a hulking beast.
Your limbs bulge with bestial killing power. (Slay +2)
Your plain brown scales are hard. (AC +5)
You cannot fit into any form of body armour.
You are cold-blooded and may be slowed by cold attacks.


Message History

You kill the endoplasm!
The endoplasm quivers.
The endoplasm quivers.
The jelly misses you.
There is an open door here.
Something hits the fungus.
The fungus begins to die.
The fungus is splashed with acid.
You hit the endoplasm.
The endoplasm is almost dead.
The endoplasm hits you.
Something hits the fungus.
The fungus begins to die.
Something hits the fungus.
The fungus is splashed with acid.
You hit the endoplasm.
You kill the endoplasm!
Something completely misses the fungus.
You hit the endoplasm.
The endoplasm is lightly wounded.
Something hits the fungus.
The endoplasm closely misses you.
You whack the endoplasm!
You kill the endoplasm!
A nearby fungus withers and dies.
You whack the jelly!
Your hands burn!
The jelly is heavily wounded.
The jelly misses you.
You hit the jelly. The acid corrodes you!
Your hands burn!
The jelly is severely wounded.
A nearby fungus withers and dies.
The jelly barely misses you.
Your +2 whip of venom stops dripping with poison.
You are now empty-handed.
The jelly hits you. The acid corrodes you!
You are splashed with acid!
You are too injured to fight recklessly!
You are too injured to fight recklessly!
You hit the jelly but do no damage.
Your hands burn!
The jelly is severely wounded.
The jelly hits you.
You are splashed with acid!
* * * LOW HITPOINT WARNING * * *
You hit the jelly.
Your hands burn!
* * * LOW HITPOINT WARNING * * *
The jelly is almost dead.
The jelly hits you.
You die...

#.# ##.....## ..
#.# #.# #.......#
#.# #.# #.......#
#.# #.......# #.###
#.......# #...#
####....#
#.#.#######..'....#
#.......##.########
###.#######...).h##
#.# #######J##
###.# JP÷P.P.J.#
..#.# ÷P...÷...#
#.#.# .J÷P.PJ..#
#.#.# .P.....P.#
#.#.# J÷.÷.P.P.#
#.#.# )P.PJP.P.#
#.#.## ##########


You could see a jelly and an endoplasm.

Vanquished Creatures
  3 gnolls
  A worm (D:2)
  2 ball pythons (D:1)
  4 bats
  7 endoplasms
  2 giant cockroaches (D:2)
  5 goblins
  4 jackals (D:1)
  3 quokkas
  5 frilled lizards
  10 kobolds (D:2)
  8 rats
54 creatures vanquished.

Notes
Turn   | Place    | Note
-------+----------+-------------------------------------------
     0 | D:1      | juan097 the Draconian Shapeshifter began the quest for the
                  | Orb.
     0 | D:1      | Reached XP level 1. HP: 17/17 MP: 1/1
    62 | D:1      | Reached XP level 2. HP: 25/25 MP: 2/2
   347 | D:1      | Found Yterur's General Store.
   688 | D:2      | Reached XP level 3. HP: 30/30 MP: 3/3
   741 | D:2      | Found a white marble altar of Elyvilon.
  1076 | D:2      | Reached XP level 4. HP: 32/37 MP: 4/4
  1183 | D:2      | HP: 1/38 [acid (3)]
  1183 | D:2      | Slain by a jelly

Illustrated notes

Levels and vault maps discovered:
D:1:      onia_arrival_handbag, layout_basic, serial_shops, nicolae_shop_stone
D:2:      cheibrodos_fertilizer, layout_loops_ring, basic_altar

Skill      XL: |  1  2  3  4 |
---------------+-------------+-----
Dodging        | 2 |  2.3
Unarmed Combat | 3 |  3.1
Fighting       | 3 |  3.0
Stealth        | |  0.4
Shapeshifting  | |  3.3

Action                     |  1- 3 |  4- 6 || total
---------------------------+-------+-------++-------
  Melee: Unarmed           |    28 |     2 ||    30
         Tailslap          |    13 |       ||    13
         Whip              |    64 |    15 ||    79
   Fire: Sling             |     9 |       ||     9
 Armour: Skin              |    22 |     1 ||    23
  Dodge: Dodged            |    59 |     9 ||    68
         Form:             |     2 |       ||     2
         Beast             |     2 |       ||     2

Table legend: (Time is in decaauts)
 A = Elapsed time spent in this place.
 B = Non-inter-level travel time spent in this place.
 C = Inter-level travel time spent in this place.
 D = Time resting spent in this place.
 E = Time spent auto-exploring this place.
 F = Levels seen in this place.
 G = Mean time per level.
                   A        B        C        D        E       F      G
               +--------+--------+--------+--------+--------+-----+--------+
         Total |   1194 |   1162 |     32 |      0 |    787 |   2 |  597.0 |
       Dungeon |   1194 |   1162 |     32 |      0 |    787 |   2 |  597.0 |
               +--------+--------+--------+--------+--------+-----+--------+

Top non-repeatable levels by time:
     D:1: 664 daAuts
     D:2: 530 daAuts
